 Dungeon Crawl Stone Soup version 0.26-a0-566-gbc9326e (webtiles) character file.

Game seed: 11814838982029894856

171 B1Gdaddy5 the Shooter (level 5, -4/44 HPs)
             Began as a Minotaur Hunter on Aug 21, 2020.
             Killed from afar by Sigmund (7 damage)
             ... with a puff of flame
             ... on level 3 of the Dungeon.
             The game lasted 00:32:24 (2481 turns).

B1Gdaddy5 the Shooter (Minotaur Hunter)             Turns: 2481, Time: 00:32:24

Health: -4/44      AC:  5    Str: 16    XL:     5   Next: 26%
Magic:  4/4        EV: 12    Int:  8    God:
Gold:   156        SH:  0    Dex: 12    Spells: 4/4 levels left

rFire    x . .     SeeInvis .   b - +0 short sword
rCold    + . .     Faith    .   (no shield)
rNeg     . . .     Spirit   .   c - +2 leather armour
rPois    .         Reflect  .   (helmet restricted)
rElec    .         Harm     .   (no cloak)
rCorr    .                      (no gloves)
MR       .....                  (no boots)
Stlth    +.........             (no amulet)
HPRegen  0.14/turn              m - ring of ice
MPRegen  0.09/turn              (no ring)

@: no status effects
A: retaliatory headbutt, horns 2
a: no special abilities


You were on level 3 of the Dungeon.
You visited 1 branch of the dungeon, and saw 3 of its levels.

You collected 156 gold pieces.

Inventory:

Hand Weapons
 a - a +1 shortbow
 b - a +0 short sword (weapon)
Missiles
 d - 34 arrows
Armour
 c - a +2 leather armour (worn)
 i - a +0 ring mail
 j - a +0 ring mail
Jewellery
 m - a ring of ice (left hand)
Scrolls
 h - a scroll of teleportation {unknown}
 k - 6 scrolls of remove curse
 n - a scroll of magic mapping {unknown}
 p - a scroll of enchant weapon {unknown}
 r - a scroll of fear
 t - a scroll of fog {unknown}
 u - a scroll of identify {unknown}
Potions
 e - a potion of heal wounds {unknown}
 g - a potion of stabbing {unknown}
 l - a potion of flight {unknown}
 o - a potion of mutation {unknown}
 q - 2 potions of degeneration {unknown}
 s - a potion of haste {unknown}


   Skills:
 + Level 2.9 Fighting
 + Level 0.5 Short Blades
 + Level 6.7 Bows
 + Level 1.2 Armour
 + Level 2.4 Dodging
 + Level 1.0 Stealth


You had 4 spell levels left.
You didn't know any spells.
Your spell library was empty.

Dungeon Overview and Level Annotations

Branches:
Dungeon (3/15)

Altars:
Cheibriados

Annotations:
D:3 Sigmund


Innate Abilities, Weirdness & Mutations

You reflexively headbutt those who attack you in melee.
You have a pair of horns on your head.


Message History

Press: ? - help, Shift-Dir - straight line, f/p - Sigmund
Aim: Sigmund, wielding a +0 scythe, wearing a +0 robe and carrying a wand of flame (6) (severely wounded)
You shoot an arrow.
Unknown command.
Unknown command.
You bump into the rock wall.
Sigmund zaps a wand.
The puff of flame hits you! The fire burns you terribly!
* * * LOW HITPOINT WARNING * * *
You're too confused!
b - a +0 short sword (weapon)
You bump into the rock wall.
Sigmund looks at you with fury. Sigmund closely misses you.
You're too confused to move!
Sigmund hits you but does no damage.
You feel less confused.
Sigmund zaps a wand.
The puff of flame misses you.
You hit Sigmund. Your headbutt misses Sigmund.
Sigmund is severely wounded.
Sigmund zaps a wand.
The puff of flame hits you! The fire burns you terribly!
You die...

######## #......# #......#
#......# #############......#
.......@.(.........#
######.@#####......#### .
..((## #.....(...# #. #.###
#........# #.. ##### #........#
###.## #... ######.†.#
......##.# ######.#.#
####.....########## ##..<...#.#
.......†..........###..######.#


You could see Sigmund.

Vanquished Creatures
  Natasha (twice) (D:3)
  An adder (D:2)
  A shadow imp (D:2)
  3 worms
  4 dart slugs
  5 leopard geckos
  3 giant cockroaches
  13 goblins
  11 hobgoblins
  6 jackals
  4 quokkas (D:2)
  6 bats
  6 frilled lizards
  A jackal skeleton (D:3)
  9 kobolds
  5 rats
80 creatures vanquished.

Notes
Turn   | Place    | Note
-------+----------+-------------------------------------------
     0 | D:1      | B1Gdaddy5 the Minotaur Hunter began the quest for the Orb.
     0 | D:1      | Reached XP level 1. HP: 18/18 MP: 0/0
   146 | D:1      | Reached XP level 2. HP: 17/25 MP: 1/1
   158 | D:1      | Reached skill level 5 in Bows
   582 | D:1      | Reached XP level 3. HP: 19/30 MP: 2/2
  1370 | D:2      | Found a snail-covered altar of Cheibriados.
  1500 | D:2      | Reached XP level 4. HP: 37/37 MP: 3/3
  1629 | D:2      | Reached skill level 6 in Bows
  1789 | D:2      | Reached skill level 1 in Armour
  2219 | D:3      | Noticed Natasha
  2226 | D:3      | Killed Natasha
  2226 | D:3      | Reached XP level 5. HP: 30/44 MP: 4/4
  2426 | D:3      | Noticed Natasha
  2436 | D:3      | Killed Natasha
  2436 | D:3      | Reached skill level 1 in Stealth
  2465 | D:3      | Noticed Sigmund
  2475 | D:3      | HP: 2/44 [Sigmund/puff of flame (13)]
  2481 | D:3      | Killed from afar by Sigmund

Illustrated notes

Levels and vault maps discovered:
D:1:      dpeg_arrival_water_fire, layout_rooms
D:2:      minmay_alternating_diamond, layout_basic, marbit_many_paths,
          st_stairs_4, chequers_serial_rivers_micro_b
D:3:      layout_rooms, chequers_ecumenical_altar_grove, uniq_terence,
          uniq_sigmund, uniq_natasha

Skill      XL: |  1  2  3  4  5 |
---------------+----------------+-----
Bows           | 5 6 |  6.7
Armour         | 1 |  1.2
Stealth        | 1 |  1.0
Fighting       | |  2.9
Short Blades   | |  0.5
Dodging        | |  2.4

Action                   |  1- 3 |  4- 6 || total
-------------------------+-------+-------++-------
Melee: Short sword       |    58 |    23 ||    81
       Headbutt          |    13 |     3 ||    16
 Fire: Shortbow          |    63 |    67 ||   130
  Use: Scroll            |       |     4 ||     4
Armor: Leather armour    |    19 |     7 ||    26
Dodge: Dodged            |    49 |    21 ||    70

Table legend: (Time is in decaauts)
 A = Elapsed time spent in this place.
 B = Non-inter-level travel time spent in this place.
 C = Inter-level travel time spent in this place.
 D = Time resting spent in this place.
 E = Time spent auto-exploring this place.
 F = Levels seen in this place.
 G = Mean time per level.
                   A        B        C        D        E       F      G
               +--------+--------+--------+--------+--------+-----+--------+
         Total |   2470 |   2399 |     71 |    438 |    931 |   3 |  823.3 |
       Dungeon |   2470 |   2399 |     71 |    438 |    931 |   3 |  823.3 |
               +--------+--------+--------+--------+--------+-----+--------+

Top non-repeatable levels by time:
     D:1: 1076 daAuts
     D:2: 1062 daAuts
     D:3: 331 daAuts
